[Event "Balkan Youth Online-ch 2020"]
[Site "Online"]
[Date "2020.10.31"]
[Round "2.93"]
[White "Bojovic, Neda"]
[Black "Yilmaz, Duygu Sila"]
[Result "0-1"]
[ECO "D50"]
[WhiteElo "1316"]
[BlackElo "1408"]
[Annotator "NA RC"]
[PlyCount "102"]
[EventDate "2020.10.31"]
[EventType "swiss"]
[SourceTitle "playchess.com"]
[Source "ChessBase"]
[SourceQuality "1"]
[TimeControl "5400+30"]

1. d4 d5 2. c4 e6 3. Nc3 Nf6 4. Bg5 c6 5. e3 b6 6. Nf3 Nbd7 7. cxd5 exd5 8. Bd3 Bd6 9. Rc1 O-O 10. O-O h6 11. Bh4 Bb7 12. Bb1 Be7 13. Qd3 a5 14. Ne5 g5 15. Bg3 Ba6 16. Qc2 Bxf1 17. Nxc6 Qe8 18. Nxd5 Kg7 19. Be5 Rh8 20. Ncxe7 Nxe5 21. dxe5 Nxd5 22. Rxf1 Nxe7 23. Qb3 Qc6 24. a3 Rad8 25. Ba2 Qd5 26. Qxb6 Qxa2 27. Qf6+ Kg8 28. Qxe7 Qd5 29. Qf6 Re8 30. f4 Qe6 31. fxg5 Qxf6 32. Rxf6 hxg5 33. Rf5 Rh5 34. h3 Kg7 35. Kf2 Kg6 36. e4 Rc8 37. Kf3 Rc4 38. Rf6+ Kg7 39. Rf5 Rc2 40. Kg4 Rh6 41. Rxg5+ Rg6 42. g3 Rxg5+ 43. Kxg5 Rxb2 44. g4 Rb5 45. Kf5 Rb3 46. h4 Rf3+ 47. Kg5 Rxa3 48. Kf5 Rf3+ 49. Kg5 a4 50. h5 a3 51. h6+ Kh7 0-1

[Event "Balkan Youth Online-ch 2020"]
[Site "Online"]
[Date "2020.10.31"]
[Round "2.94"]
[White "Eftovska, Lea"]
[Black "Zeycan, Alara"]
[Result "1-0"]
[ECO "C54"]
[WhiteElo "1587"]
[BlackElo "1230"]
[Annotator "NA RC"]
[PlyCount "105"]
[EventDate "2020.10.31"]
[EventType "swiss"]
[SourceTitle "playchess.com"]
[Source "ChessBase"]
[SourceQuality "1"]
[TimeControl "5400+30"]

1. e4 e5 2. Nf3 Nc6 3. Bc4 Bc5 4. d3 h6 5. O-O Nf6 6. h3 O-O 7. Nbd2 d6 8. c3 Be6 9. b4 Bb6 10. a4 a6 11. Re1 Re8 12. Bxe6 fxe6 13. Nc4 Ba7 14. Qb3 b5 15. Ne3 Kh8 16. Nf1 d5 17. Bb2 d4 18. c4 bxc4 19. Qxc4 Nb8 20. Nxe5 Kh7 21. Rac1 Re7 22. Ng3 Qd6 23. Nf3 e5 24. Nf5 Qd7 25. Nxe7 Qxe7 26. Qxc7 Qxc7 27. Rxc7 Nbd7 28. Rec1 Bb6 29. Rc8 Rxc8 30. Rxc8 Kg6 31. Ba3 Kf7 32. Rc6 Ne8 33. a5 Bc7 34. Rxa6 Bd6 35. Rc6 Ke7 36. Nh4 Kf7 37. a6 Nb8 38. a7 Nxc6 39. a8=Q Ne7 40. b5 Nc7 41. Qa4 Bxa3 42. Qxa3 Nxb5 43. Qc5 Nc3 44. Qxe5 Nc6 45. Qf5+ Ke7 46. Ng6+ Kd6 47. e5+ Kc5 48. e6+ Kd6 49. Qf7 Nd5 50. Qd7+ Kc5 51. e7 Ncxe7 52. Nxe7 Nxe7 53. Qxe7+ 1-0

[Event "Balkan Youth Online-ch 2020"]
[Site "Online"]
[Date "2020.10.31"]
[Round "3.2"]
[White "Lafkidis, Apostolos"]
[Black "Sava, Robert-Gabriel"]
[Result "1/2-1/2"]
[ECO "B55"]
[WhiteElo "1497"]
[BlackElo "1716"]
[Annotator "NA RC"]
[PlyCount "121"]
[EventDate "2020.10.31"]
[EventType "swiss"]
[SourceTitle "playchess.com"]
[Source "ChessBase"]
[SourceQuality "1"]
[TimeControl "1500+5"]

1. e4 c5 2. Nf3 d6 3. d4 cxd4 4. Nxd4 Nf6 5. f3 Nc6 6. c4 e6 7. Nc3 Be7 8. Be3 O-O 9. Be2 e5 10. Nb3 Be6 11. O-O a6 12. Qd2 Nd7 13. Nd5 Bxd5 14. cxd5 Ncb8 15. Rac1 f5 16. Na5 b6 17. Nc6 Nxc6 18. Rxc6 fxe4 19. fxe4 Rxf1+ 20. Kxf1 Nc5 21. Bxc5 bxc5 22. Rxa6 Rb8 23. b3 Bg5 24. Qd3 Qf6+ 25. Qf3 Qg6 26. Qg4 Rf8+ 27. Bf3 Kh8 28. Ke2 Qh6 29. Qh3 Qf6 30. Qg4 g6 31. Ra7 Bh6 32. Qd7 Bg7 33. Qe7 Qxe7 34. Rxe7 Ra8 35. Kd3 Bf8 36. Rb7 Rxa2 37. b4 cxb4 38. Rxb4 Ra3+ 39. Ke2 Ra2+ 40. Kd3 h5 41. Rb8 Kg8 42. h3 Ra3+ 43. Ke2 Ra4 44. Kd3 Ra2 45. Kc3 Ra4 46. Rb4 Rxb4 47. Kxb4 Bh6 48. Kb5 Be3 49. Kc6 Bc5 50. Kd7 Kf7 51. g4 hxg4 52. Bxg4 g5 53. Bf5 Kf6 54. Ke8 Ba3 55. Kf8 Bc5 56. Kg8 Ba3 57. Kh7 Bc5 58. Kh6 Ba3 59. Kh5 Bc5 60. Kg4 Ba3 61. Be6 1/2-1/2

[Event "Balkan Youth Online-ch 2020"]
[Site "Online"]
[Date "2020.10.31"]
[Round "3.3"]
[White "Sevig, Mert Can"]
[Black "Boci, Mateo"]
[Result "0-1"]
[ECO "C14"]
[WhiteElo "1472"]
[BlackElo "1286"]
[Annotator "NA RC"]
[PlyCount "72"]
[EventDate "2020.10.31"]
[EventType "swiss"]
[SourceTitle "playchess.com"]
[Source "ChessBase"]
[SourceQuality "1"]
[TimeControl "1500+5"]

1. e4 e6 2. d4 d5 3. Nc3 Nf6 4. Bg5 Be7 5. e5 Nfd7 6. Bxe7 Qxe7 7. f4 a6 8. Nf3 c5 9. Qd2 Nc6 10. O-O-O b5 11. dxc5 Nxc5 12. Nd4 Bb7 13. Nce2 Rc8 14. Nxc6 Bxc6 15. Nd4 Bb7 16. Qe3 Ne4 17. Bd3 Nc5 18. Be2 O-O 19. g4 Ne4 20. Bd3 Rc7 21. Rhg1 Rfc8 22. Rdf1 Nc5 23. Kb1 Nxd3 24. cxd3 Re8 25. Re1 b4 26. f5 a5 27. Qf4 Ba6 28. Rg3 Qh4 29. Nf3 Bxd3+ 30. Ka1 Qh6 31. g5 Qh5 32. f6 Be4 33. Reg1 Rec8 34. Nd4 Qxh2 35. fxg7 Qxg3 36. Qf1 Qxg1 0-1

[Event "Balkan Youth Online-ch 2020"]
[Site "Online"]
[Date "2020.10.31"]
[Round "3.4"]
[White "Gkavardinas, Antonios"]
[Black "Palaiologou, Apostolos"]
[Result "1-0"]
[ECO "B90"]
[WhiteElo "1606"]
[BlackElo "1410"]
[Annotator "NA RC"]
[PlyCount "73"]
[EventDate "2020.10.31"]
[EventType "swiss"]
[SourceTitle "playchess.com"]
[Source "ChessBase"]
[SourceQuality "1"]
[TimeControl "5400+30"]

1. e4 c5 2. Nf3 d6 3. d4 cxd4 4. Nxd4 Nf6 5. Nc3 a6 6. f3 Qb6 7. Nb3 e6 8. Qe2 Nc6 9. Be3 Qc7 10. O-O-O b5 11. g4 Bb7 12. h4 Nd7 13. Qf2 Be7 14. g5 Nce5 15. Kb1 Rc8 16. a3 Nc5 17. h5 Nxb3 18. cxb3 f6 19. Bh3 f5 20. f4 Nd7 21. Rhe1 O-O 22. exf5 exf5 23. Bd4 Nc5 24. b4 Ne4 25. Nxe4 Bxe4+ 26. Rxe4 fxe4 27. Be6+ Kh8 28. h6 Bf6 29. gxf6 gxf6 30. Bxc8 Qxc8 31. Rg1 Qf5 32. Qg3 Qg6 33. Qh3 Qf7 34. Qf5 Qe7 35. Rg7 Qxg7 36. hxg7+ Kxg7 37. Qxe4 1-0

[Event "Balkan Youth Online-ch 2020"]
[Site "Online"]
[Date "2020.10.31"]
[Round "3.5"]
[White "Petrovski, Nikola"]
[Black "Alimema, Alvin"]
[Result "0-1"]
[ECO "A20"]
[WhiteElo "1031"]
[BlackElo "1110"]
[Annotator "NA RC"]
[PlyCount "116"]
[EventDate "2020.10.31"]
[EventType "swiss"]
[SourceTitle "playchess.com"]
[Source "ChessBase"]
[SourceQuality "1"]
[TimeControl "1500+5"]

1. d4 Nf6 2. c4 e5 3. Nf3 exd4 4. Nxd4 Nc6 5. Nc2 Be7 6. Nc3 d6 7. Bg5 h6 8. Bxf6 Bxf6 9. e3 Bxc3+ 10. bxc3 Ne5 11. f4 Nc6 12. Nd4 Qe7 13. Qd3 Bd7 14. Be2 O-O 15. O-O Rfe8 16. Rf3 Nxd4 17. cxd4 Bg4 18. Rg3 Bxe2 19. Qxe2 Qf6 20. Rd1 Re4 21. Qf3 Rae8 22. Rd3 Qe6 23. Qh5 Rxf4 24. Rd1 Rf5 25. Qg4 Rg5 26. Qxe6 Rxe6 27. Rxg5 hxg5 28. Kf2 f5 29. g3 b6 30. Rf1 g6 31. Ke2 Re4 32. Kd3 Kf7 33. h3 Ke6 34. d5+ Kf6 35. g4 Re8 36. gxf5 gxf5 37. Kd4 Rh8 38. Rf3 Rh4+ 39. Kd3 Ke5 40. Rg3 Rh5 41. a3 a6 42. a4 a5 43. Rf3 Rh4 44. Rg3 Kf6 45. Rf3 Re4 46. Rf2 Kg6 47. Rg2 Kh5 48. Rg3 Kh4 49. Rf3 Re5 50. Kd4 g4 51. hxg4 fxg4 52. Rf4 Kh3 53. Rf8 Rg5 54. Rh8+ Kg2 55. Ke4 g3 56. Kf4 Rg7 57. Ke4 Kf1 58. Kf3 g2 0-1

[Event "Balkan Youth Online-ch 2020"]
[Site "Online"]
[Date "2020.10.31"]
[Round "3.12"]
[White "Mogirzan, Matei-Valeriu"]
[Black "Tsarsitalidis, Christos"]
[Result "1/2-1/2"]
[ECO "D31"]
[WhiteElo "1813"]
[BlackElo "1786"]
[Annotator "NA RC"]
[PlyCount "122"]
[EventDate "2020.10.31"]
[EventType "swiss"]
[SourceTitle "playchess.com"]
[Source "ChessBase"]
[SourceQuality "1"]
[TimeControl "1500+5"]

1. d4 d5 2. c4 e6 3. Nc3 Bb4 4. cxd5 exd5 5. e3 Nf6 6. Nf3 {[%emt 0:00:00] D31: Queen's Gambit Declined: Semi-Slav without ...Nf6 (+ Marshall Gambit and Noteboom) and Exchange Variation lines without ...Nf6.} Bg4 7. Qa4+ Nc6 8. Ne5 Bd7 {[%emt 0:00:12] [#]} 9. Nxd7 $146 ({Predecessor:} 9. Nxc6 Bxc3+ 10. bxc3 Bxc6 11. Qc2 Kf8 12. f3 h5 13. h4 Kg8 14. Bd3 Qd6 15. a4 {1-0 (57) Deforel,J (2025)-Sazonov,N (1992) ICCF email 2018}) 9... Qxd7 10. Bd3 O-O 11. O-O a6 12. Qd1 Ne7 13. Qf3 Ng6 14. Bxg6 hxg6 15. Bd2 Bxc3 16. bxc3 Ne4 17. Qd1 Rfe8 18. f3 Nd6 19. Qc2 Nc4 20. Rae1 f5 21. e4 Nxd2 (21... dxe4 $17 22. Bf4 exf3) 22. Qxd2 dxe4 23. fxe4 Rxe4 24. Rxe4 fxe4 25. Qf4 Qe7 26. Re1 Re8 27. Qg4 g5 28. Re3 b5 29. Qf5 {[%emt 0:01:32] [#]} (29. h3 $11 {remains equal.}) 29... Qf6 $1 30. Qd5+ {[%emt 0:00:12] [#]} Kh7 $1 31. h4 gxh4 32. Qh5+ Qh6 33. Qf5+ Qg6 34. Qf4 Qh6 35. Rxe4 Qxf4 36. Rxf4 Re3 37. Rxh4+ Kg8 38. Rh3 Re1+ 39. Kh2 Ra1 40. Re3 Kf7 41. Re2 Rc1 42. Re3 Rc2 43. a3 $17 Kf6 44. Rf3+ Ke6 45. Rg3 Kd6 46. Rxg7 Rxc3 47. Rg6+ Kd5 48. Rxa6 Kxd4 49. g4 Rc2+ 50. Kg3 Ra2 51. g5 b4 52. g6 Ra1 53. Kf2 Ra2+ 54. Kf3 Ra1 55. g7 Rg1 56. axb4 Rxg7 57. Rc6 Re7 58. b5 Kd5 59. Rc1 Kd6 60. Rc6+ Kd5 61. Rc1 Kd6 1/2-1/2

[Event "Balkan Youth Online-ch 2020"]
[Site "Online"]
[Date "2020.10.31"]
[Round "3.13"]
[White "Magold, Filip"]
[Black "Ipek, Egehan"]
[Result "1-0"]
[ECO "B44"]
[WhiteElo "2043"]
[BlackElo "1723"]
[Annotator "RC"]
[PlyCount "21"]
[EventDate "2020.10.31"]
[EventType "swiss"]
[SourceTitle "playchess.com"]
[Source "ChessBase"]
[SourceQuality "1"]
[TimeControl "5400+30"]

1. e4 c5 2. Nf3 e6 3. d4 cxd4 4. Nxd4 Nc6 5. Nxc6 b6 6. Nxd8 Kxd8 7. Bf4 Nf6 8. Nc3 Bb4 9. Bd3 d5 10. exd5 Nxd5 11. Be4 1-0

[Event "Balkan Youth Online-ch 2020"]
[Site "Online"]
[Date "2020.10.31"]
[Round "3.17"]
[White "Poupalos, Nikolaos"]
[Black "Markosek, Bine"]
[Result "1-0"]
[ECO "C84"]
[WhiteElo "1887"]
[BlackElo "1287"]
[Annotator "NA RC"]
[PlyCount "129"]
[EventDate "2020.10.31"]
[EventType "swiss"]
[SourceTitle "playchess.com"]
[Source "ChessBase"]
[SourceQuality "1"]
[TimeControl "1500+5"]

1. e4 e5 2. Nf3 Nc6 3. Bb5 a6 4. Ba4 Nf6 5. d3 d6 6. c3 Be7 7. O-O O-O 8. Re1 b5 9. Bc2 Bb7 {[%emt 0:00:45] C84: Closed Ruy Lopez: Unusual White 6th moves.} 10. Nbd2 Qd7 11. Nf1 {[%emt 0:00:21] [#]} Na5 $146 ({Predecessor:} 11... Rfe8 12. Ng3 Bf8 13. Bg5 Qd8 14. h3 h6 15. Bxf6 Qxf6 16. Nh2 g6 17. Re3 Bg7 {1-0 (44) Mazur,A (1731)-Zablocka,K (1292) Poronin 2020}) 12. b4 Nc6 13. Bg5 h6 14. Bh4 Nh7 15. Bg3 Ng5 16. Bb3 a5 17. Nxg5 Bxg5 18. a3 axb4 19. axb4 Rxa1 20. Qxa1 Ne7 21. Ne3 h5 22. h3 h4 23. Bh2 Kh8 (23... Ra8 $11 {keeps the balance.} 24. Qb2 Qe8) 24. Qd1 g6 (24... Kg8 $14) 25. Qf3 f5 26. g3 Kg7 27. Qg2 hxg3 28. Qxg3 Bf4 29. Qg2 Bxh2+ 30. Kxh2 Rh8 31. Nd5 Nxd5 32. exd5 (32. Bxd5 $17 Bxd5 33. exd5) 32... Bc8 33. f4 exf4 34. Qf2 Re8 35. Re6 Rxe6 36. dxe6 Qe7 $19 37. Qe1 f3 38. Qe3 Bb7 39. d4 g5 40. d5 g4 41. Qd4+ Qf6 42. Qxf6+ Kxf6 43. hxg4 fxg4 44. Kg3 c6 45. dxc6 Bxc6 46. c4 Kxe6 47. cxb5+ Bd5 48. b6 Kd7 49. Bxd5 Kc8 50. Kf2 Kb8 51. Ke3 Kc8 52. Kd4 f2 53. Bg2 f1=Q 54. Bxf1 Kb7 55. Bg2+ Kxb6 56. Kc4 g3 57. Bf3 Kc7 58. Kb5 Kb8 59. Kc6 Ka7 60. b5 Kb8 61. Kxd6 Kc8 62. Kc6 Kb8 63. Bg2 Ka7 64. b6+ Kb8 65. b7 1-0

[Event "Balkan Youth Online-ch 2020"]
[Site "Online"]
[Date "2020.10.31"]
[Round "3.18"]
[White "Ramaj, Ergit"]
[Black "Boeru, Dragos-Matei"]
[Result "0-1"]
[ECO "D02"]
[WhiteElo "1444"]
[BlackElo "1756"]
[Annotator "NA RC"]
[PlyCount "66"]
[EventDate "2020.10.31"]
[EventType "swiss"]
[SourceTitle "playchess.com"]
[Source "ChessBase"]
[SourceQuality "1"]
[TimeControl "1500+5"]

1. d4 d5 2. Bf4 Nf6 3. e3 Nc6 4. Nf3 a6 5. h3 Bf5 6. Bd3 Bg6 7. O-O e6 8. c3 Bd6 9. Ne5 Ne7 10. Bh2 O-O 11. Bxg6 Nxg6 12. f4 Ne4 13. Nd2 Nxd2 14. Qxd2 Nxe5 15. dxe5 Bc5 16. g4 Be7 17. f5 exf5 18. gxf5 Bg5 19. f6 gxf6 20. Kh1 fxe5 21. Rg1 Kh8 22. Bxe5+ f6 23. Bd4 Qc8 24. Rxg5 c5 25. Rh5 cxd4 26. Qxd4 Qe6 27. Rd1 Rae8 28. Qd3 Rf7 29. Rxd5 Qxh3+ 30. Kg1 Rg7+ 31. Kf2 Rg2+ 32. Ke1 Qg3+ 33. Kf1 Qf2# 0-1

[Event "Balkan Youth Online-ch 2020"]
[Site "Online"]
[Date "2020.10.31"]
[Round "3.20"]
[White "Cvetkovski, Gjorgji"]
[Black "Nikolovski, Kiril"]
[Result "1/2-1/2"]
[ECO "B02"]
[WhiteElo "1332"]
[BlackElo "1282"]
[Annotator "NA RC"]
[PlyCount "58"]
[EventDate "2020.10.31"]
[EventType "swiss"]
[SourceTitle "playchess.com"]
[Source "ChessBase"]
[SourceQuality "1"]
[TimeControl "1500+5"]

1. e4 d5 2. exd5 Nf6 3. Nc3 Nxd5 4. d4 Nc6 5. Bc4 e6 6. Nf3 Bb4 7. Bd2 O-O 8. O-O Nb6 9. Bd3 Nxd4 10. Nxd4 Qxd4 11. Qh5 h6 12. Be3 Qd8 13. Bxh6 gxh6 14. Qg4+ Qg5 15. Qxb4 Bd7 16. Qe4 Qg7 17. Qf4 Bc6 18. Be4 Bxe4 19. Qxe4 c6 20. Rfe1 Nd5 21. Nxd5 cxd5 22. Qb4 Rfc8 23. b3 Rxc2 24. Rad1 Rc7 25. Rd3 Kh8 26. Rg3 Qf6 27. Rf3 Qg7 28. Qf4 Rac8 29. Rg3 Qf8 1/2-1/2

[Event "Balkan Youth Online-ch 2020"]
[Site "Online"]
[Date "2020.10.31"]
[Round "3.22"]
[White "Kalin, Andrei"]
[Black "Milovic, Ilija"]
[Result "0-1"]
[ECO "B01"]
[WhiteElo "1426"]
[BlackElo "1044"]
[Annotator "NA RC"]
[PlyCount "118"]
[EventDate "2020.10.31"]
[EventType "swiss"]
[SourceTitle "playchess.com"]
[Source "ChessBase"]
[SourceQuality "1"]
[TimeControl "1500+5"]

1. e4 d5 2. exd5 Nf6 3. d4 Qxd5 4. c4 Qd8 5. Nc3 Bf5 6. Nf3 e6 7. Bf4 Nbd7 8. Nb5 Bb4+ 9. Nc3 Ne4 10. Qb3 Bxc3+ 11. bxc3 O-O 12. Be2 Qe7 13. O-O b6 14. Rad1 c5 15. Rfe1 Rad8 16. Bd3 Ndf6 17. Qc2 Qb7 18. Be5 Nd6 19. Bxf6 gxf6 20. Bxf5 Nxf5 21. d5 Rfe8 22. Re2 Rd6 23. Rde1 Qd7 24. Qe4 Ng7 25. Qh4 exd5 26. cxd5 Rxe2 27. Rxe2 Rxd5 28. Qxf6 Rd1+ 29. Re1 Rxe1+ 30. Nxe1 Qe6 31. Qxe6 Nxe6 32. Kf1 f5 33. Nd3 c4 34. Nc1 Nf4 35. Ne2 Nd3 36. g3 Kf7 37. Kg2 Kf6 38. Kf3 Ke5 39. Ke3 b5 40. f4+ Kd5 41. Nd4 Nc1 42. a3 Na2 43. Kd2 Ke4 44. Kc2 b4 45. axb4 Nxb4+ 46. Kd2 Nd5 47. Nb5 a5 48. Nd6+ Kf3 49. Nxc4 a4 50. Nd6 Ne7 51. c4 Kg2 52. Kc3 Kxh2 53. Kb4 Kxg3 54. Kxa4 Kxf4 55. c5 h5 56. Nf7 h4 57. Nh6 h3 58. Kb5 h2 59. c6 Nxc6 0-1

[Event "Balkan Youth Online-ch 2020"]
[Site "Online"]
[Date "2020.10.31"]
[Round "3.28"]
[White "Dafa, Sirio"]
[Black "Erdogan, Tekin Alp"]
[Result "0-1"]
[ECO "B13"]
[WhiteElo "1004"]
[BlackElo "1828"]
[Annotator "NA RC"]
[PlyCount "86"]
[EventDate "2020.10.31"]
[EventType "swiss"]
[SourceTitle "playchess.com"]
[Source "ChessBase"]
[SourceQuality "1"]
[TimeControl "1500+5"]

1. e4 c6 2. d4 d5 3. exd5 cxd5 4. Bd3 Nc6 5. c3 Nf6 6. Bf4 e6 7. Nd2 Bd6 8. Bxd6 Qxd6 9. Ngf3 O-O 10. O-O Rb8 {[%emt 0:00:36] B13: Caro-Kann: Exchange Variation and Panov-Botvinnik Attack.} 11. a4 h6 12. Re1 {[%emt 0:00:26] [#]} Nd7 $146 ({Predecessor:} 12... Qc7 13. h3 a6 14. Qe2 b5 15. axb5 axb5 16. b4 Ne7 {½-½ (16) Kassuba,M-Korsus,B Lingen 1996}) 13. Qc2 e5 14. dxe5 Ndxe5 15. Bf5 Qf6 16. Bxc8 Rfxc8 17. Nxe5 Nxe5 18. Nb3 Ng6 19. Nd4 Qxd4 (19... Ne5 $14) 20. Qxg6 Qxc3 $1 21. Qf5 Qxb2 22. Qxd5 Rc2 23. Rab1 Qf6 24. Rf1 b6 25. Qd7 a5 26. Qb5 g6 27. Qb3 Qf5 28. Qg3 Rb7 29. Rb5 Qe6 30. Rfb1 Kh7 31. h3 Qc6 $17 32. Qf4 Rc4 33. Qe3 Rxa4 34. Rxb6 Rxb6 35. Qxb6 Qc4 36. Qb7 Rb4 37. Rxb4 axb4 38. Kh2 b3 39. g3 Kg7 40. Qb8 Qc3 41. Qb7 b2 42. Qe4 Qb3 43. Qd4+ Kh7 0-1

[Event "Balkan Youth Online-ch 2020"]
[Site "Online"]
[Date "2020.10.31"]
[Round "3.43"]
[White "Dimov, Nikola"]
[Black "Filippovskiy Nikita"]
[Result "1-0"]
[ECO "B35"]
[WhiteElo "1771"]
[BlackElo "1534"]
[Annotator "NA RC"]
[PlyCount "85"]
[EventDate "2020.10.31"]
[EventType "swiss"]
[SourceTitle "playchess.com"]
[Source "ChessBase"]
[SourceQuality "1"]
[TimeControl "5400+30"]

1. e4 c5 2. Nf3 Nc6 3. d4 cxd4 4. Nxd4 g6 5. Nc3 Bg7 6. Be3 Nf6 7. Bc4 O-O 8. f3 Qb6 9. a3 Qxb2 10. Na4 Qxa1 11. Qxa1 a6 12. Nb6 Rb8 13. O-O d6 14. c3 Ne5 15. Bb3 Bd7 16. Qd1 Bb5 17. Nxb5 axb5 18. Qd2 Nc4 19. Nxc4 bxc4 20. Bxc4 Rfc8 21. Bb3 b5 22. Rc1 Ra8 23. Ra1 b4 24. cxb4 Nxe4 25. fxe4 Bxa1 26. Qa2 Be5 27. Bxf7+ Kf8 28. Bh6+ Bg7 29. Bxg7+ Kxg7 30. Bc4 Rc7 31. Qb2+ e5 32. Bd5 Rac8 33. h3 Rc2 34. Qb3 Rc1+ 35. Kh2 R8c3 36. Qa4 Rc7 37. Qa6 R7c3 38. Qxd6 R1c2 39. Qxe5+ Kh6 40. Qe7 Rxa3 41. h4 Rd3 42. Bg8 Kh5 43. Qg5# 1-0

[Event "Balkan Youth Online-ch 2020"]
[Site "Online"]
[Date "2020.10.31"]
[Round "3.44"]
[White "Mitkov, Simeon-Alekzander"]
[Black "Boci, Petro"]
[Result "0-1"]
[ECO "B33"]
[WhiteElo "1319"]
[BlackElo "1434"]
[Annotator "NA RC"]
[PlyCount "68"]
[EventDate "2020.10.31"]
[EventType "swiss"]
[SourceTitle "playchess.com"]
[Source "ChessBase"]
[SourceQuality "1"]
[TimeControl "5400+30"]

1. e4 c5 2. Nf3 Nc6 3. d4 cxd4 4. Nxd4 Nf6 5. Nc3 e5 6. Ndb5 d6 7. Be3 a6 8. Na3 Rb8 9. Qd2 b5 10. Bxb5 axb5 11. Naxb5 Nxe4 12. Nxe4 Rxb5 13. O-O-O d5 14. Nc3 Bb4 15. Qd3 Rb8 16. Nxd5 Qa5 17. Nxb4 Nxb4 18. Qd6 Nxa2+ 19. Kb1 Nc3+ 20. Kc1 Qa1+ 21. Kd2 Ne4+ 22. Ke2 Nxd6 23. Rxa1 Rxb2 24. Kd3 Bf5+ 25. Kd2 Rxc2+ 26. Kd1 O-O 27. Bc5 Rxc5 28. Ke2 Rfc8 29. Rhd1 Rc2+ 30. Ke1 Nb5 31. Ra5 R2c5 32. Ra2 Nc3 33. Rad2 Nxd1 34. Kxd1 Be6 0-1

[Event "Balkan Youth Online-ch 2020"]
[Site "Online"]
[Date "2020.10.31"]
[Round "3.54"]
[White "Siskou, Evangelia"]
[Black "Ciocirlan, Bianca-Alexandra"]
[Result "0-1"]
[ECO "C78"]
[WhiteElo "1339"]
[BlackElo "1038"]
[Annotator "NA RC"]
[PlyCount "118"]
[EventDate "2020.10.31"]
[EventType "swiss"]
[SourceTitle "playchess.com"]
[Source "ChessBase"]
[SourceQuality "1"]
[TimeControl "5400+30"]

1. e4 e5 2. Nf3 Nc6 3. Bb5 a6 4. Ba4 Nf6 5. O-O b5 6. Bb3 Bc5 7. c3 O-O 8. Re1 d6 9. d4 exd4 10. cxd4 Bb6 11. h3 h6 12. Bf4 Re8 13. e5 dxe5 14. Bxe5 Nxe5 15. Nxe5 Bxd4 16. Bxf7+ Kf8 17. Bxe8 Nxe8 18. Qf3+ Qf6 19. Qxf6+ gxf6 20. Nf3 Bxb2 21. Nbd2 Bxa1 22. Rxa1 Bb7 23. Re1 Bd5 24. a3 c5 25. Nb1 Bxf3 26. gxf3 c4 27. Nc3 Rd8 28. Rd1 Rxd1+ 29. Nxd1 Ke7 30. Kf1 Ke6 31. Ke2 Ke5 32. Ke3 Nd6 33. Nc3 Nf5+ 34. Kd2 Nd4 35. Ne4 Nxf3+ 36. Ke3 f5 37. Nc5 Ng1 38. Nxa6 f4+ 39. Kd2 Nxh3 40. Ke2 Ng5 41. Nc7 f3+ 42. Ke3 h5 43. Nxb5 h4 44. Nd4 h3 45. Nxf3+ Nxf3 46. Kxf3 c3 47. Ke3 h2 48. f4+ Kf5 49. Kd3 h1=Q 50. Kxc3 Qb1 51. a4 Kxf4 52. a5 Qb5 53. a6 Qxa6 54. Kb4 Qc6 55. Kb3 Ke3 56. Kb4 Kd3 57. Kb3 Qb5+ 58. Ka2 Kc2 59. Ka3 Qb3# 0-1

[Event "Balkan Youth Online-ch 2020"]
[Site "Online"]
[Date "2020.10.31"]
[Round "3.56"]
[White "Bagas, Ana"]
[Black "Caku, Kler"]
[Result "1-0"]
[ECO "C54"]
[WhiteElo "1589"]
[BlackElo "1199"]
[Annotator "NA RC"]
[PlyCount "55"]
[EventDate "2020.10.31"]
[EventType "swiss"]
[SourceTitle "playchess.com"]
[Source "ChessBase"]
[SourceQuality "1"]
[TimeControl "5400+30"]

1. e4 e5 2. Nf3 Nc6 3. Bc4 Bc5 4. d3 h6 5. c3 Nf6 6. Nbd2 O-O 7. O-O d6 8. Re1 Be6 9. Bb5 a6 10. Ba4 Qe7 11. Nf1 b5 12. Bc2 b4 13. d4 exd4 14. cxd4 b3 15. axb3 Bb4 16. Bd2 Bxd2 17. Qxd2 Bd7 18. Ng3 Rfe8 19. e5 dxe5 20. dxe5 Ng4 21. Qd3 g6 22. Rad1 Rad8 23. Qc4 Kg7 24. e6 Bxe6 25. Qxc6 Rb8 26. Qc3+ Kg8 27. Ne5 Nf6 28. Nc6 1-0

[Event "Balkan Youth Online-ch 2020"]
[Site "Online"]
[Date "2020.10.31"]
[Round "3.61"]
[White "Kontogianni, Vasiliki"]
[Black "Aldea, Maria-Antonia"]
[Result "1-0"]
[ECO "E46"]
[WhiteElo "1144"]
[BlackElo "1181"]
[Annotator "NA RC"]
[PlyCount "93"]
[EventDate "2020.10.31"]
[EventType "swiss"]
[SourceTitle "playchess.com"]
[Source "ChessBase"]
[SourceQuality "1"]
[TimeControl "1500+5"]

1. d4 Nf6 2. c4 e6 3. Nc3 Bb4 4. e3 O-O 5. Bd2 c5 6. a3 Bxc3 7. Bxc3 d6 8. Bd3 Nbd7 9. Qc2 h6 10. O-O-O Qc7 11. h3 b6 12. g4 Bb7 13. f3 cxd4 14. exd4 d5 15. Bb4 Rfc8 16. b3 a5 17. Be7 Re8 18. Bxf6 Nxf6 19. Kb2 Rec8 20. h4 Nd7 21. g5 h5 22. g6 f6 23. Re1 Re8 24. Qe2 e5 25. Qh2 Rac8 26. Qh3 exd4 27. Ne2 Ne5 28. Bf5 Rcd8 29. Nxd4 Bc8 30. Re3 Nxc4+ 31. bxc4 Rxe3 32. Be6+ Kf8 33. Qf5 Re5 34. Qh3 dxc4 35. Rd1 c3+ 36. Kc2 Re8 37. Bxc8 Qxc8 38. Qxc8 Rxc8 39. f4 Re4 40. f5 Ke7 41. Ne6 Rg8 42. Kxc3 Re5 43. Nd4 Rc8+ 44. Kb2 Rg8 45. Nc6+ Kf8 46. Nxe5 Ke7 47. Nc6+ 1-0

[Event "Balkan Youth Online-ch 2020"]
[Site "Online"]
[Date "2020.10.31"]
[Round "3.63"]
[White "Gkoutzouki, Aikaterini Argyro"]
[Black "Tirpan, Ceren"]
[Result "0-1"]
[ECO "E01"]
[WhiteElo "1380"]
[BlackElo "1379"]
[Annotator "NA RC"]
[PlyCount "158"]
[EventDate "2020.10.31"]
[EventType "swiss"]
[SourceTitle "playchess.com"]
[Source "ChessBase"]
[SourceQuality "1"]
[TimeControl "1500+5"]

1. d4 d5 2. Nf3 Nf6 3. g3 e6 4. Bg2 Bd6 5. O-O O-O 6. c4 c6 7. Qc2 Nbd7 8. b3 b6 9. Nbd2 Bb7 10. Bb2 Rc8 11. Rac1 c5 12. Qb1 Qe7 13. Rfe1 Rfe8 14. e3 dxc4 15. Nxc4 cxd4 16. Nxd4 Bxg2 17. Kxg2 Bb8 18. Ba3 Nc5 19. Kg1 Qb7 20. Bxc5 Rxc5 21. Nd2 Rec8 22. b4 Rxc1 23. Rxc1 Nd5 24. Nc4 a6 25. a3 Rc7 26. Ne2 Qc8 27. e4 Rxc4 28. exd5 exd5 29. Rd1 Qe6 30. Qd3 Rc8 31. Qxa6 Re8 32. Nd4 Qg4 33. Qd3 Be5 34. Nc6 d4 35. Nxe5 Rxe5 36. Qc2 h6 37. Kg2 Re2 38. Qd3 Qe4+ 39. Qxe4 Rxe4 40. Kf3 f5 41. Rd3 Kf7 42. Kg2 Ke6 43. Kf1 Kd5 44. Rf3 g6 45. a4 Re8 46. a5 bxa5 47. bxa5 Ra8 48. Ra3 Kc4 49. Ke2 Ra6 50. Ra4+ Kc3 51. Ra3+ Kb4 52. Ra1 Kc4 53. Kd2 g5 54. Ra4+ Kd5 55. Kd3 Ke5 56. f3 f4 57. g4 h5 58. gxh5 g4 59. fxg4 f3 60. Ra2 Rf6 61. g5 f2 62. gxf6 f1=Q+ 63. Re2+ Kxf6 64. a6 Qf3+ 65. Kd2 Qc3+ 66. Kd1 Qa1+ 67. Kd2 Qxa6 68. Rf2+ Kg5 69. Re2 Kxh5 70. Re4 Qa2+ 71. Kd3 Qxh2 72. Kxd4 Qd6+ 73. Ke3 Kg5 74. Kf3 Qd3+ 75. Re3 Qf1+ 76. Ke4 Kg4 77. Kd4 Qf6+ 78. Re5 Kf4 79. Kd5 Qxe5+ 0-1

[Event "Balkan Youth Online-ch 2020"]
[Site "Online"]
[Date "2020.10.31"]
[Round "3.64"]
[White "Christodoulou, Georgia"]
[Black "Pirvan, Maria"]
[Result "0-1"]
[ECO "B22"]
[WhiteElo "1373"]
[BlackElo "1484"]
[Annotator "NA RC"]
[PlyCount "64"]
[EventDate "2020.10.31"]
[EventType "swiss"]
[SourceTitle "playchess.com"]
[Source "ChessBase"]
[SourceQuality "1"]
[TimeControl "5400+30"]

1. e4 c5 2. Nf3 Nc6 3. c3 d5 4. exd5 Qxd5 5. d4 cxd4 6. cxd4 g6 7. Nc3 Qd8 8. Bb5 a6 9. Ba4 b5 10. Bb3 Bg7 11. Be3 Nf6 12. Rc1 Bb7 13. O-O O-O 14. Qd2 Na5 15. Bd1 Nc4 16. Qc2 Nxe3 17. fxe3 Bh6 18. Qd3 Ng4 19. Re1 Qd6 20. Ne4 Bxe4 21. Qxe4 f5 22. Bb3+ Kh8 23. Qd3 e5 24. d5 e4 25. Qc3+ Bg7 26. Qd2 exf3 27. gxf3 Ne5 28. Kg2 Rac8 29. e4 fxe4 30. fxe4 Nf3 31. Qe2 Qxh2+ 32. Kf1 Nd2# 0-1